 Dungeon Crawl Stone Soup version 0.28.0-45-g0d030f2227 (webtiles) character file.

Game seed: 11358483289912713226

17164 protoss039 the Fighter (level 12, -2/79 HPs)
             Began as a Gargoyle Gladiator on Apr 12, 2022.
             Was an Elder of Okawaru.
             Killed from afar by a raiju (4 damage)
             ... with a living lightning
             ... on level 3 of the Abyss.
             The game lasted 00:36:34 (13767 turns).

protoss039 the Fighter (Gargoyle Gladiator)        Turns: 13767, Time: 00:36:35

Health: -2/79      AC: 35    Str: 22    XL:     12   Next: 45%
Magic:  13/15      EV: 12    Int: 10    God:    Okawaru [****..]
Gold:   1425       SH: 13    Dex: 11    Spells: 11/11 levels left

rFire   . . .      SeeInvis +   a - +2 flail (protect)
rCold   + . .      Faith    .   l - +0 kite shield
rNeg    + . .      Spirit   .   A - +2 scale mail {rC+}
rPois   ∞          Reflect  .   c - +0 helmet
rElec   +          Harm     .   e - +2 cloak
rCorr   .          Rampage  .   I - +0 pair of gloves
Will    .....                   (no boots)
Stlth   +.........              g - amulet of regeneration
HPRegen 1.03/turn               y - ring of see invisible
MPRegen 0.14/turn               (no ring)

@: about to teleport, heroic, under a protective aura
A: sickness immunity, AC +8, negative energy resistance 1, electricity
resistance, torment resistance 1, petrification resistance, low MP 1
a: Renounce Religion, Heroism, Finesse


You were on level 3 of the Abyss.
You worshipped Okawaru.
Okawaru was greatly pleased with you.
You visited 3 branches of the dungeon, and saw 14 of its levels.
You visited the Abyss 2 times.

You collected 1425 gold pieces.

Inventory:

Hand Weapons
 a - a +2 flail of protection (weapon)
 b - the +10 short sword "Qeeb" {venom, Int+3 Dex+5}
   (You found it on level 5 of the Dungeon)

   It poisons the flesh of those it strikes.
   Int:       It affects your intelligence (+3).
   Dex:       It affects your dexterity (+5).
Missiles
 k - 5 boomerangs (quivered)
 u - 16 javelins
Armour
 c - a +0 helmet (worn)
 e - a +2 cloak (worn)
 l - a +0 kite shield (worn)
 A - a +2 scale mail of cold resistance (worn)
 D - a +0 plate armour
 I - a +0 pair of gloves (worn)
Jewellery
 g - an amulet of regeneration (around neck)
 s - the ring of Descent {rElec rPois rF- EV+4}
   (You found it on level 4 of the Dungeon)

   [ring of evasion]

   EV:        It affects your evasion (+4).
   rF:        It makes you vulnerable to fire.
   rElec:     It insulates you from electricity.
   rPois:     It protects you from poison.
 y - a ring of see invisible (left hand)
 z - a ring of ice
Wands
 i - a wand of acid (4)
 m - a wand of digging (4)
 w - a wand of charming (20)
 B - a wand of flame (34)
 F - a wand of mindburst (4)
 H - a wand of polymorph (5)
Scrolls
 f - a scroll of immolation
 h - a scroll of brand weapon {unknown}
 q - 2 scrolls of fog
 r - a scroll of teleportation
 G - 4 scrolls of magic mapping
 K - a scroll of identify
Potions
 n - a potion of magic
 o - a potion of ambrosia {unknown}
 p - a potion of might
 t - 5 potions of attraction
 x - a potion of brilliance
 C - a potion of haste
 E - 3 potions of mutation
 J - 2 potions of flight {unknown}
Miscellaneous
 L - a phial of floods (inert)


   Skills:
 + Level 10.6(15.6) Fighting
 + Level 10.1(15.1) Maces & Flails
 - Level 2.0(7.0) Throwing
 + Level 10.3(15.3) Armour
 - Level 3.0(8.0) Dodging
 + Level 10.3(15.3) Shields
 * Level 6.9 Invocations


You had 11 spell levels left.
You didn't know any spells.
Your spell library contained the following spells:

 Spells                   Type           Power      Damage    Failure   Level
 Beastly Appendage        Tmut           0%         N/A       78%         1
 Sting                    Tmut/Pois      0%         1d3       78%         1
 Corpse Rot               Necr/Air       0%         N/A       89%         2
 Poisonous Vapours        Pois/Air       0%         N/A       89%         2
 Scorch                   Fire           0%         2d5       89%         2
 Wereblood                Tmut           0%         N/A       89%         2
 Spider Form              Tmut/Pois      0%         N/A       98%         3
 Dispel Undead            Necr           0%         3d6       100%        4
 Flame Wave               Conj/Fire      0%         2d4       100%        4
 Olgreb's Toxic Radiance  Pois           0%         N/A       100%        4
 Passage of Golubria      Tloc           0%         N/A       100%        4
 Petrify                  Tmut/Erth      0%         N/A       100%        4
 Irradiate                Conj/Tmut      0%         3d13      100%        5
 Yara's Violent Unravell  Hex/Tmut       0%         3d3       100%        5
 Sublimation of Blood     Necr           Unusable   N/A       N/A         2
 Tukima's Dance           Hex            Unusable   N/A       N/A         3
 Death Channel            Necr           Unusable   N/A       N/A         6
 Summon Cactus Giant      Summ           Unusable   N/A       N/A         6

Dungeon Overview and Level Annotations

Branches:
Dungeon (10/15)            Temple (1/1) D:6            Lair (3/6) D:8
    Orc (0/2) D:9
  Swamp: Lair:2-4    Shoals: Lair:2-4     Snake: Lair:2-4    Spider: Lair:2-4

Altars:
Ashenzari
Cheibriados
Dithmenos
Elyvilon
Fedhas
Gozag
Hepliaklqana
Kikubaaqudgha
Makhleb
Nemelex Xobeh
Okawaru
Qazlal
Ru
Sif Muna
Trog
Uskayaw
Vehumet
Wu Jian
Xom
Yredelemnul
Zin
The Shining One

Shops:
D:7 (

Annotations:
Lair:1 2 transporters


Innate Abilities, Weirdness & Mutations

You are immune to sickness and miasma.
Your stone body is resilient. (AC +8)
You are immune to poison.
You resist negative energy. (rN+)
You are resistant to electric shocks. (rElec)
You are resistant to unholy torment.
You are immune to petrification.
Your magical capacity is low. (-10% MP)


Message History

Unknown command.
You hit the starcursed mass.
The starcursed mass is heavily damaged.
The starcursed mass shudders and is absorbed by its neighbour.
A starcursed mass splits.
A chorus of shrieks assaults your mind.
* * * LOW HITPOINT WARNING * * *
The starcursed mass touches you but does no damage.
Unknown command.
You hit the starcursed mass but do no damage.
The starcursed mass is moderately damaged.
The starcursed mass closely misses you.
A raiju comes into view.
Unknown command.
Unknown command.
The raiju barks!
You sock the starcursed mass!
The starcursed mass is heavily damaged.
The starcursed mass shudders and is absorbed by its neighbour.
A chorus of shrieks assaults your mind.
* * * LOW HITPOINT WARNING * * *
Unknown command.
Unknown command.
You hit the starcursed mass but do no damage.
The starcursed mass is moderately damaged.
Unknown command.
Unknown command.
You hit the starcursed mass.
The starcursed mass is moderately damaged.
The starcursed mass shudders and is absorbed by its neighbour.
Unknown command.
Unknown command.
You sock the starcursed mass!
The starcursed mass is heavily damaged.
A starcursed mass splits.
A chorus of shrieks assaults your mind.
* * * LOW HITPOINT WARNING * * *
The raiju bursts into living lightning!
The living lightning hits you. You resist.
You die...

#.. . .
..####
. . ..
. ## .
# ## .#
# .. .
#### #
#. ##@#
. # .
#Xh#..#
. ##X.
. .
#...###
..#
#####
#.


You could see 2 starcursed masses and a raiju.

Vanquished Creatures
  Josephine (D:10)
  Fannar (Lair:1)
  A spriggan skeleton (Abyss:3)
  A thrashing horror (Abyss:3)
  2 wizards (D:10)
  A worldbinder (Abyss:3)
  Joseph (D:9)
  5 elephants (Lair:2)
  A smoke demon (Abyss:3)
  An orange demon (Abyss:3)
  2 cane toads
  3 komodo dragons
  A rime drake (Lair:2)
  Grinder (D:4)
  A silent spectre (Abyss:3)
  6 raiju (Abyss:3)
  3 large abominations (Abyss:3)
  A vampire (D:10)
  A starcursed mass (Abyss:3)
  25 yaks
  5 wraiths (D:10)
  4 wyverns
  2 steam dragons (D:9)
  2 vampire mosquitoes (D:8)
  3 basilisks (D:8)
  An acid dragon (D:8)
  Duvessa (D:5)
  3 water moccasins
  4 hell hounds (Abyss:3)
  5 orc warriors
  2 sky beasts
  A necrophage (D:6)
  An ice beast (D:6)
  A black bear (D:6)
  2 ogres
  2 kobold brigands
  A phantom (D:6)
  3 centaurs
  Blork the orc (D:4)
  6 bullfrogs
  A water moccasin zombie (D:6)
  A wyvern skeleton (D:7)
  Dowan (D:5)
  14 killer bees
  14 wights
  An electric eel (Lair:1)
  A bullfrog zombie (D:6)
  2 centaur zombies
  4 jellies
  3 hounds
  10 orc priests
  A gnoll shaman (D:10)
  Natasha (thrice) (D:4)
  3 iguanas
  11 orc wizards
  3 small abominations (Abyss:3)
  A killer bee zombie (D:7)
  2 howler monkey zombies
  2 howler monkey skeletons
  13 gnolls
  3 adders
  3 white imps
  An adder zombie (D:5)
  2 adder skeletons (D:4)
  3 worms
  A dart slug (D:2)
  48 orcs
  13 endoplasms
  3 giant cockroaches
  7 goblins
  8 hobgoblins
  5 quokkas
  10 ball pythons
  A bat (D:2)
  5 frilled lizards
  29 kobolds
  4 rats
  A lurking horror (Abyss:3)
347 creatures vanquished.

Vanquished Creatures (others)
  11 fungi
  5 plants
  6 starspawn tentacles (Abyss:3)
  10 toadstools (D:3)
32 creatures vanquished.

Grand Total: 379 creatures vanquished

Notes
Turn   | Place    | Note
-------+----------+-------------------------------------------
     0 | D:1      | protoss039 the Gargoyle Gladiator began the quest for the
                  | Orb.
     0 | D:1      | Reached XP level 1. HP: 12/12 MP: 1/1
   345 | D:1      | Reached XP level 2. HP: 18/18 MP: 2/2
   347 | D:1      | Found a faded altar of an unknown god.
  1202 | D:1      | Reached skill level 1 in Armour
  1202 | D:1      | Reached XP level 3. HP: 22/22 MP: 3/3
  1925 | D:2      | HP: 1/22 [gnoll/+0 halberd (8)]
  2339 | D:2      | Gained mutation: Your magical capacity is low. (-10% MP)
                  | [potion of mutation]
  2676 | D:3      | Reached XP level 4. HP: 22/27 MP: 3/3
  2860 | D:2      | Reached skill level 1 in Shields
  3040 | D:3      | Reached XP level 5. HP: 32/32 MP: 4/4
  3816 | D:4      | Identified the ring of Descent {rElec rPois rF- EV+4}
  3821 | D:4      | Noticed Grinder
  3824 | D:4      | Paralysed by Grinder for 6 turns
  3832 | D:4      | Paralysed by Grinder for 2 turns
  3839 | D:4      | Paralysed by Grinder for 2 turns
  3846 | D:4      | Paralysed by Grinder for 4 turns
  3857 | D:4      | Killed Grinder
  3858 | D:4      | Reached XP level 6. HP: 34/38 MP: 5/5
  3923 | D:4      | Noticed Blork the orc
  3932 | D:4      | Killed Blork the orc
  3933 | D:4      | Reached XP level 7. HP: 36/43 MP: 6/6
  4020 | D:4      | Noticed Natasha
  4049 | D:4      | Killed Natasha
  4500 | D:4      | Noticed Natasha
  4519 | D:4      | Killed Natasha
  4768 | D:5      | Entered Level 5 of the Dungeon
  4776 | D:5      | Identified the +10 short sword "Qeeb" {venom, Int+3 Dex+5}
  4924 | D:5      | Reached skill level 5 in Maces & Flails
  4934 | D:5      | Found a sparkling altar of Nemelex Xobeh.
  5088 | D:5      | Noticed Duvessa
  5088 | D:5      | Noticed Dowan
  5097 | D:5      | Killed Duvessa
  5098 | D:5      | Reached skill level 5 in Fighting
  5098 | D:5      | Reached XP level 8. HP: 28/49 MP: 7/7
  5100 | D:5      | Killed Dowan
  5273 | D:5      | Noticed a yak
  5273 | D:5      | Noticed a yak
  5273 | D:5      | Noticed a yak
  5273 | D:5      | Noticed a yak
  5273 | D:5      | Noticed a yak
  5273 | D:5      | Noticed a yak
  5310 | D:4      | Killed a yak
  5327 | D:4      | Killed a yak
  5345 | D:4      | Killed a yak
  5346 | D:4      | Reached skill level 5 in Armour
  5346 | D:4      | Reached skill level 5 in Shields
  5371 | D:4      | Killed a yak
  5390 | D:4      | Killed a yak
  5401 | D:5      | Killed a yak
  5402 | D:5      | Reached XP level 9. HP: 56/56 MP: 8/8
  5947 | D:6      | Found a staircase to the Ecumenical Temple.
  5959 | Temple   | Entered the Ecumenical Temple
  6265 | D:6      | Found a shimmering blue altar of Sif Muna.
  6265 | D:6      | Found a hide-covered altar of Uskayaw.
  6725 | D:7      | Reached XP level 10. HP: 64/64 MP: 9/9
  6792 | D:7      | Found Xuyprye's Weapon Shoppe.
  6841 | D:7      | Found an ornate altar of the Wu Jian Council.
  7035 | D:7      | Found an ancient bone altar of Kikubaaqudgha.
  7158 | D:7      | Found a blossoming altar of Fedhas.
  7566 | D:8      | Found a bloodstained altar of Trog.
  7829 | D:8      | Found a snail-covered altar of Cheibriados.
  8428 | D:8      | Found a staircase to the Lair.
  8460 | D:8      | Identified the +1 ring mail of True Grit {rC+ Regen+ Dex+3}
  8801 | D:9      | Noticed Joseph
  8814 | D:9      | Killed Joseph
  8897 | D:9      | Reached XP level 11. HP: 67/71 MP: 9/9
  9035 | D:9      | Found a staircase to the Orcish Mines.
  9295 | D:9      | Found a radiant altar of Vehumet.
  9603 | D:9      | Found a basalt altar of Yredelemnul.
  9604 | D:9      | Found a shadowy altar of Dithmenos.
  9605 | D:9      | Found an iron altar of Okawaru.
  9606 | D:9      | Found a glowing golden altar of the Shining One.
  9612 | D:9      | Became a worshipper of Warmaster Okawaru
  9882 | D:4      | Noticed Natasha
  9891 | D:4      | Killed Natasha
 10230 | D:10     | Entered Level 10 of the Dungeon
 10291 | D:10     | Noticed Josephine
 10320 | D:10     | Killed Josephine
 10321 | D:10     | Reached skill level 1 in Invocations
 10382 | D:10     | Reached * piety under Okawaru
 10565 | D:10     | Noticed a wizard
 10743 | Lair:1   | Entered Level 1 of the Lair of Beasts
 10756 | Lair:1   | Noticed Fannar
 10802 | Lair:1   | Killed Fannar
 10974 | Lair:1   | Reached skill level 10 in Fighting
 10993 | Lair:1   | Reached ** piety under Okawaru
 11060 | Lair:1   | Found a transporter.
 11258 | Lair:1   | Found a transporter.
 11579 | Lair:1   | Identified a scroll of acquirement
 11580 | Lair:1   | Acquired 794 gold pieces
 11606 | Lair:2   | Reached skill level 5 in Invocations
 11726 | Lair:2   | Reached *** piety under Okawaru
 11867 | Lair:2   | Reached XP level 12. HP: 71/77 MP: 14/14
 11875 | Lair:2   | Reached skill level 10 in Armour
 11880 | Lair:2   | Reached skill level 10 in Shields
 12451 | Lair:2   | Reached **** piety under Okawaru
 12483 | Lair:2   | Reached skill level 10 in Maces & Flails
 12527 | Lair:3   | Noticed a four-headed hydra
 12820 | D:10     | Cast into level 2 of the Abyss (a wizard)
 12830 | Abyss:2  | Noticed a thrashing horror
 12830 | Abyss:2  | Noticed a tentacled starspawn
 12833 | Abyss:2  | Noticed a tentacled starspawn
 12834 | D:10     | Escaped the Abyss
 12901 | D:10     | Reached ***** piety under Okawaru
 13084 | D:10     | Cast into level 3 of the Abyss (a wizard)
 13084 | Abyss:3  | Found a corrupted altar of Lugonu.
 13275 | Abyss:3  | Found a shimmering altar of Xom.
 13303 | Abyss:3  | Found a corrupted altar of Lugonu.
 13408 | Abyss:3  | Noticed a tentacled starspawn
 13438 | Abyss:3  | Noticed a thrashing horror
 13440 | Abyss:3  | Noticed a thrashing horror
 13452 | Abyss:3  | Noticed a starcursed mass
 13509 | Abyss:3  | Noticed a large abomination
 13530 | Abyss:3  | Killed a large abomination
 13596 | Abyss:3  | HP: 1/79 [hell hound/blast of flame (15)]
 13597 | Abyss:3  | Noticed a thrashing horror
 13601 | Abyss:3  | Noticed a starcursed mass
 13601 | Abyss:3  | Noticed a thrashing horror
 13603 | Abyss:3  | Noticed a thrashing horror
 13646 | Abyss:3  | Killed a thrashing horror
 13651 | Abyss:3  | HP: 2/79 [large abomination (11)]
 13691 | Abyss:3  | Noticed a tentacled starspawn
 13700 | Abyss:3  | Noticed a starcursed mass
 13767 | Abyss:3  | HP: 2/79 [starcursed mass/accursed screaming (9)]
 13767 | Abyss:3  | Killed from afar by a raiju

Illustrated notes

Levels and vault maps discovered:
D:1:      shiori_arrival_elements, layout_loops_ring,
          nicolae_ecumenical_snake_handling
D:2:      layout_loops_ring, minmay_distorted
D:3:      cheibrodos_fertilizer, layout_basic
D:4:      layout_loops_corners, uniq_grinder, uniq_natasha, uniq_blork_the_orc
D:5:      layout_basic, nemelex_dance_club_becter, uniq_duvessa
D:6:      layout_cave_pools, gammafunk_temple_overflow_wave,
          minmay_temple_entry_large_hall, minmay_crystal_water
D:7:      layout_basic, nicolae_wu_jian_immortal_techniques, fedhas_altar_2,
          old_standard_altar, serial_shops, nicolae_shop_bloodbath_and_beyond
D:8:      layout_loops_ring, cheibrodos_worm_habitat, trog_three_pillars_becter,
          erik_lair_dragon
D:9:      layout_basic, mainiacjoe_overflow_alcove_3,
          nicolae_vehumet_altar_sigil, hiddenorc2_lemuel, uniq_joseph
D:10:     minmay_smoke_and_mirrors, layout_irregular_city, laboratory,
          uniq_josephine
Temple:   nicolae_temple_figure_zero
Lair:1:   gammafunk_worm_tunnel, layout_hall_layers, serial_bayou_shore_a,
          uniq_fannar
Lair:2:   layout_regular_city
Lair:3:   kb_forest_paths, layout_regular_city
Abyss:3:  base: D:5, hangedman_decor_peaks_small,
          eino_small_chamber_without_monster, evilmike_abyss_exit_8,
          evilmike_abyss_exit_plants, guppyfry_abyss_exit_glass_guarded,
          evilmike_abyss_exit_16

Skill      XL: |  1  2  3  4  5  6  7  8  9 10 11 12 |
---------------+-------------------------------------+-----
Throwing       | 2 |  2.0
Armour         | 1 2 3 4 5 7 8 9 10 | 10.3
Dodging        | 3 |  3.0
Shields        | 1 2 3 4 5 7 8 9 10 | 10.3
Fighting       | 3 4 5 6 7 9 10 | 10.6
Maces & Flails | 4 5 6 7 8 9 10 | 10.1
Invocations    | 5 6 |  6.9

Action                   |  1- 3 |  4- 6 |  7- 9 | 10-12 || total
-------------------------+-------+-------+-------+-------++-------
Melee: Flail             |   160 |    73 |   117 |   399 ||   749
       Punch             |     1 |       |       |       ||     1
       Mace              |       |       |    20 |       ||    20
       Short sword       |       |       |   152 |   518 ||   670
Throw: Boomerang         |     5 |    44 |    14 |     9 ||    72
       Throwing net      |       |     1 |       |     2 ||     3
Invok: Heroism           |       |       |       |     3 ||     3
       Finesse           |       |       |       |     1 ||     1
Evoke: Phial of floods   |       |       |       |     1 ||     1
  Use: Scroll            |     3 |     1 |     1 |     9 ||    14
       Potion            |     3 |       |       |    12 ||    15
Armor: Leather armour    |    93 |       |       |       ||    93
       Ring mail         |       |    39 |    63 |       ||   102
       Scale mail        |       |       |    59 |   348 ||   407
       Chain mail        |       |       |    33 |    37 ||    70
       Plate armour      |       |       |       |   281 ||   281
Dodge: Dodged            |    98 |    25 |    81 |   362 ||   566
Block: Kite shield       |    37 |    25 |   154 |   652 ||   868
